Cogmind - Beta 11.1 @@@ ROGUE MODE // 2022.07.28 @ 00:40:23 Player: woegarden Result: Destroyed by S-27 Virus with Autogun Performance ------------- Evolutions (5) 2500 Regions Visited (8) 1600 Robots Destroyed (20) 100 Value Destroyed (539) 539 Prototype IDs (5) 100 Alien Tech Used (0) 0 Bonus (0) 0 TOTAL SCORE: 4839 Bonus ------- None Cogmind --------- Core Integrity 0/1000 Matter 41/300 Energy 99/100 System Corruption 0% Temperature Cool (0) Movement Core (50) Location -5/Upper Caves Parts ------- > --- POWER (2) -------- (None) > --- PROPULSION (6) --- (None) > --- UTILITY (6) ------ System Shield > --- WEAPON (3) ------- (None) > --- INVENTORY (5) ---- Medium Storage Unit Improved Sensor Array Advanced ECM Suite Hardlight Generator Component Analysis Suite Peak State ------------ > --- POWER ------------ Deuterium Engine Nuclear Core > --- PROPULSION ------- VTOL Module VTOL Module Xenon Bombardment Thruster Cooled VTOL Module Cooled VTOL Module > --- UTILITY ---------- Advanced Visual Processing Unit Improved Melee Analysis Suite Advanced ECM Suite Hacking Suite System Shield > --- WEAPON ----------- Spread Laser Great Axe > --- INVENTORY -------- Medium Storage Unit Improved Sensor Array Hardlight Generator [Rating: 47] Favorites ----------- Power Deuterium Engine Engine Deuterium Engine Power Core Nuclear Core Propulsion Aluminum Leg Treads Light Treads Leg Aluminum Leg Wheel Wheel Hover Unit Hover Unit Flight Unit VTOL Module Utility Hacking Suite Device Coolant Injector Storage Large Storage Unit Processor Advanced Melee Analysis Suite Hackware Hacking Suite Protection Light Armor Plating Weapon Light Assault Rifle Energy Gun Shock Rifle Ballistic Gun Light Assault Rifle Ballistic Cannon Improved Light Cannon Slashing Weapon Great Axe Special Melee Weapon Datajack Build | -11 -10 -9 -9 -8 -7 -6 -5 -5 ------- Run | Scr Mat Mat Min Mat Fac Fac Fac Upp Slots Evolved 10 | . . 2 . 2 2 2 2 . Power 1 | . . . . . . 1 . . Propulsion 4 | . . 2 . . 1 . 1 . Utility 4 | . . . . 1 1 1 1 . Weapon 1 | . . . . 1 . . . . Parts Attached 57 | . 1 18 6 12 10 7 . 3 Power 7 | . . 3 . 2 . 2 . . Engine 6 | . . 3 . 1 . 2 . . Core 1 | . . . . 1 . . . . Reactor . | . . . . . . . . . Propulsion 22 | . . 7 5 3 5 . . 2 Treads 3 | . . . 2 . . . . 1 Leg 5 | . . 3 1 . . . . 1 Wheel 4 | . . 2 2 . . . . . Hover 2 | . . 2 . . . . . . Flight 8 | . . . . 3 5 . . . Utility 13 | . 1 2 . 4 2 3 . 1 Device 4 | . . . . 1 . 2 . 1 Storage 2 | . 1 1 . . . . . . Processor 4 | . . . . 1 2 1 . . Hackware 2 | . . 1 . 1 . . . . Protection 1 | . . . . 1 . . . . Artifact . | . . . . . . . . . Weapon 15 | . . 6 1 3 3 2 . . Energy Gun 6 | . . 3 1 . 1 1 . . Energy Cannon . | . . . . . . . . . Ballistic Gun 3 | . . 2 . . . 1 . . Ballistic Cannon 1 | . . . . 1 . . . . Launcher . | . . . . . . . . . Special Weapon . | . . . . . . . . . Impact Weapon . | . . . . . . . . . Slashing Weapon 3 | . . . . 1 2 . . . Piercing Weapon . | . . . . . . . . . Special Melee Weapon 2 | . . 1 . 1 . . . . Unidentified Prototypes 2 | . . . . . 1 1 . . Parts Lost 22 | . . 8 2 . 1 7 . 4 Power 2 | . . 1 . . . 1 . . Propulsion 13 | . . 4 2 . . 5 . 2 Utility 3 | . . . . . . 1 . 2 Weapon 4 | . . 3 . . 1 . . . Highest Loss Streak 7 | . . 7 2 . 1 3 . 3 To Critical Strikes . | . . . . . . . . . Average Slot Usage (%) 72 | . 85 82 85 88 93 60 17 15 Engine 8 | . 14 10 11 7 . 6 . . Leg 14 | . 28 22 25 . . . . 1 Wheel 2 | . . 4 3 12 2 . . . Hover 1 | . . 4 . . . . . . Flight 6 | . . . . 18 33 19 . . Device 1 | . . . . . . 3 . 3 Storage 6 | . 14 11 11 2 . . . . Processor 3 | . . . . 4 15 9 5 1 Hackware 10 | . . 9 11 14 15 13 11 6 Energy Gun 5 | . . 10 11 1 3 . . . Ballistic Gun 6 | . 28 7 11 3 . . . . Slashing Weapon 1 | . . . . 6 7 2 . . Special Melee Weapon 1 | . . 2 . 7 7 . . . Naked Turns . | . . . . . . . . . Heaviest Build 40 | 10 15 33 33 40 15 23 . 1 Greatest Support 30 | 20 20 30 30 20 24 24 3 20 Greatest Overweight (x) 7 | . . 2 3 3 . 7 . . Average Overweight (x) . | . . . 1 . . . . . Largest Inventory Capacity 15 | . 10 15 15 15 5 5 5 5 Average Capacity 9 | . 9 11 15 7 5 5 5 5 Most Carried 15 | . 8 11 15 14 5 5 5 5 Average Carried 7 | . 6 7 12 6 4 4 4 5 Final Capacity 15 | 8 10 15 15 5 5 5 5 5 Final Carried 15 | 6 8 11 15 5 5 4 5 5 Class Distribution -------------------- 58% | Mutant 18% | Hacker-Sprinter 17% | Hacker-Mutant 5% | Scavenger-Mutant Dominant Class ---------------- Mutant | -10/Materials Mutant | -9/Materials Mutant | -9/Mines Hacker-Mutant | -8/Materials Hacker-Sprinter | -7/Factory Hacker-Sprinter | -6/Factory Hacker-Mutant | -5/Factory Mutant | -5/Upper Caves Resources | -11 -10 -9 -9 -8 -7 -6 -5 -5 ----------- Run | Scr Mat Mat Min Mat Fac Fac Fac Upp Matter Collected 483 | 200 11 10 191 . 45 . . 26 Remotely . | . . . . . . . . . Salvage Created 762 | . 11 426 269 11 45 . . . Parts 58 | . 4 37 13 3 1 . . . Haulers Intercepted . | . . . . . . . . . Recyclers Shooed 3 | . . 2 1 . . . . . Parts Field Recycled . | . . . . . . . . . Retrieved Matter . | . . . . . . . . . Parts Self-Destructed . | . . . . . . . . . Prevented . | . . . . . . . . . Kills | -11 -10 -9 -9 -8 -7 -6 -5 -5 ------- Run | Scr Mat Mat Min Mat Fac Fac Fac Upp Combat Hostiles Destroyed 15 | . . 11 3 . 1 . . . Melee 1 | . . . . . 1 . . . Guns 14 | . . 11 3 . . . . . Classes Destroyed 7 | . 1 3 3 . . . . . Worker 2 | . . . 2 . . . . . Recycler 1 | . . . 1 . . . . . Operator 2 | . 1 . . 1 . . . . Swarmer 3 | . . 3 . . . . . . Grunt 8 | . . 5 2 . 1 . . . Brawler 1 | . . . 1 . . . . . Sentry 3 | . . 3 . . . . . . Best Kill Streak 6 | . 1 6 6 1 1 . . . Combat Bots Only 6 | . . 6 3 . 1 . . . Max Kills in Single Turn 2 | . 1 2 1 1 1 . . . Gunslinging 1 | . . 1 . . . . . . Exploded . | . . . . . . . . . Melee 1 | . . . . . 1 . . . Uniques/NPCs Destroyed . | . . . . . . . . . Combat | -11 -10 -9 -9 -8 -7 -6 -5 -5 -------- Run | Scr Mat Mat Min Mat Fac Fac Fac Upp Damage Taken 3921 | . . 1050 161 88 142 1305 59 1116 Core 2235 | . . 279 47 34 39 833 59 944 Absorbed by Shields 34 | . . . . . . 34 . . Core Remaining (%) 67 | 100 100 . 18 93 94 2 . . Volleys Fired 64 | . 2 44 12 1 2 3 . . Largest 3 | . 2 2 2 3 1 1 . . Hottest 124 | . 40 96 70 124 65 33 . . Shots Fired 91 | . 4 55 24 3 2 3 . . Gun 90 | . 4 55 24 2 2 3 . . Cannon 1 | . . . . 1 . . . . Launcher . | . . . . . . . . . Special . | . . . . . . . . . Kinetic 40 | . 4 19 12 2 . 3 . . Thermal 37 | . . 34 . 1 2 . . . Explosive . | . . . . . . . . . Electromagnetic 14 | . . 2 12 . . . . . Robot Hit Streak 12 | . 2 12 10 6 10 2 . . Robot Miss Streak 2 | . 1 2 2 . 1 1 . . Penetration Max . | . . . . . . . . . Secondary Targets 2 | . . 1 1 . . . . . Max Gunslinging Chain 1 | . . 1 1 . . . . . Shots Hit Robots 73 | . 3 45 17 4 2 2 . . Core Hits 36 | . 2 20 9 2 3 . . . Critical Kills . | . . . . . . . . . Critical Parts Destroyed 2 | . . . . . . 2 . . Critical Strikes 5 | . . 1 . 2 . 2 . . Burn 1 | . . 1 . . . . . . Destroy 2 | . . . . . . 2 . . Blast 1 | . . . . 1 . . . . Sever 1 | . . . . 1 . . . . Melee Attacks 5 | . . 1 . 3 1 . . . Impact . | . . . . . . . . . Slashing 4 | . . . . 3 1 . . . Piercing . | . . . . . . . . . Sneak Attacks 1 | . . 1 . . . . . . Combat Hostiles . | . . . . . . . . . Follow-up Attacks . | . . . . . . . . . Damage Inflicted 1034 | . 23 575 247 74 84 20 . 11 Guns 910 | . 23 575 247 24 28 13 . . Cannons 24 | . . . . 24 . . . . Explosions . | . . . . . . . . . Melee 82 | . . . . 26 56 . . . Ramming 18 | . . . . . . 7 . 11 Kinetic 361 | . 23 240 51 34 . 13 . . Thermal 359 | . . 317 . 14 28 . . . Explosive . | . . . . . . . . . Electromagnetic 214 | . . 18 196 . . . . . Impact . | . . . . . . . . . Slashing 82 | . . . . 26 56 . . . Piercing . | . . . . . . . . . Highest Corruption 4 | . 4 . . . . 1 . . Average Corruption 1 | . 3 . . . . 1 . . Corruption Purged . | . . . . . . . . . Corruption Blocked . | . . . . . . . . . Effects 3 | . 1 . . . . 2 . . Message Errors 2 | . 1 . . . . 1 . . Data Loss (minor) 1 | . . . . . . 1 . . Overload Shots . | . . . . . . . . . Overflow Damage . | . . . . . . . . . Projectiles . | . . . . . . . . . Explosions . | . . . . . . . . . Melee . | . . . . . . . . . Knockbacks . | . . . . . . . . . Impact . | . . . . . . . . . Kinetic . | . . . . . . . . . Secondary . | . . . . . . . . . Self-Inflicted Damage 7 | . . . . . . 3 . 4 Shots . | . . . . . . . . . Rammed 6 | . . . . . . 1 . 5 Targets Rammed 6 | . . . . . . 1 . 5 Kicked . | . . . . . . . . . Crushed . | . . . . . . . . . Highest Temperature 276 | . . 147 88 57 276 197 . 17 Average Temperature 75 | . . 35 35 28 90 119 . 11 Received Heat Transfer 1182 | . . 396 84 63 126 75 18 420 Effects 1 | . . . . . 1 . . . Energy Bleed 1 | . . . . . 1 . . . Siege Activations . | . . . . . . . . . Robots Corrupted . | . . . . . . . . . Combat Hostiles . | . . . . . . . . . Parts Fried . | . . . . . . . . . Impact Corruptions . | . . . . . . . . . Robots Melted . | . . . . . . . . . Combat Hostiles . | . . . . . . . . . Parts Melted . | . . . . . . . . . Heat Transferred 898 | . . 821 . 37 40 . . . Parts Sabotaged . | . . . . . . . . . Parts Stolen . | . . . . . . . . . Parts Stripped . | . . . . . . . . . Power Chain Reactions . | . . . . . . . . . Missiles Intercepted . | . . . . . . . . . Alert | -11 -10 -9 -9 -8 -7 -6 -5 -5 ------- Run | Scr Mat Mat Min Mat Fac Fac Fac Upp Peak Influence 453 | . 5 231 77 65 109 453 133 . Initial 133 | . . 1 12 . 29 48 133 . Average 77 | . 2 88 11 46 38 176 133 . Maximum Alert Level 2 | . . 1 . . . 2 . . Low Security (%) 88 | . 100 89 100 100 100 65 100 . Level 1 9 | . . 10 . . . 27 . . Level 2 1 | . . . . . . 7 . . Level 3 . | . . . . . . . . . Level 4 . | . . . . . . . . . Level 5 . | . . . . . . . . . High Security . | . . . . . . . . . Max Security . | . . . . . . . . . Squads Dispatched 4 | . . 1 . 2 . 1 . . Investigation 2 | . . 1 . . . 1 . . Extermination . | . . . . . . . . . Reinforcement 2 | . . . . 2 . . . . Assault . | . . . . . . . . . Garrison . | . . . . . . . . . Intercept . | . . . . . . . . . Searches Triggered . | . . . . . . . . . Construction Impeded . | . . . . . . . . . Haulers Reinforced . | . . . . . . . . . Active Scanning Responses . | . . . . . . . . . Cargo Convoy Interrupts . | . . . . . . . . . Stealth | -11 -10 -9 -9 -8 -7 -6 -5 -5 --------- Run | Scr Mat Mat Min Mat Fac Fac Fac Upp Distress Signals 4 | . . . . 1 . 2 1 . Communications Jammed . | . . . . . . . . . Distress Signals . | . . . . . . . . . Times Spotted 88 | . 1 14 3 17 6 28 7 12 Peak Tracking Total 16 | . 1 5 3 16 6 12 8 8 Tactical Retreats 15 | . . . . 1 1 10 . 3 Traps | -11 -10 -9 -9 -8 -7 -6 -5 -5 ------- Run | Scr Mat Mat Min Mat Fac Fac Fac Upp Traps Triggered 6 | . 2 . . . . 4 . . Indirectly . | . . . . . . . . . Trap Hack Attempts . | . . . . . . . . . Triggered . | . . . . . . . . . Disarmed . | . . . . . . . . . Reprogrammed . | . . . . . . . . . Reused . | . . . . . . . . . Traps Extracted . | . . . . . . . . . Installed . | . . . . . . . . . Triggered . | . . . . . . . . . Machines | -11 -10 -9 -9 -8 -7 -6 -5 -5 ---------- Run | Scr Mat Mat Min Mat Fac Fac Fac Upp Machines Disabled 1 | . . 1 . . . . . . Max in Single Turn 1 | . . 1 . . . . . . Machines Sabotaged . | . . . . . . . . . Garrisons Compromised . | . . . . . . . . . Overloaded Fab Kills . | . . . . . . . . . Hacking | -11 -10 -9 -9 -8 -7 -6 -5 -5 --------- Run | Scr Mat Mat Min Mat Fac Fac Fac Upp Machines Accessed 5 | . . 1 . . 1 3 . . Terminals 3 | . . . . . . 3 . . Fabricators . | . . . . . . . . . Repair Stations . | . . . . . . . . . Recycling Units 1 | . . 1 . . . . . . Scanalyzers 1 | . . . . . 1 . . . Garrison Access . | . . . . . . . . . Total Hacks 10 | . . 3 . . 1 6 . . Successful 3 | . . 1 . . . 2 . . Failed 7 | . . 2 . . 1 4 . . Catastrophic 1 | . . . . . . 1 . . Database Lockouts . | . . . . . . . . . Manual 2 | . . . . . . 2 . . Terminals 6 | . . . . . . 6 . . Fabricators . | . . . . . . . . . Repair Stations . | . . . . . . . . . Recycling Units 3 | . . 3 . . . . . . Scanalyzers 1 | . . . . . 1 . . . Garrison Access . | . . . . . . . . . Terminal Hacks 2 | . . . . . . 2 . . Prototype ID Bank 1 | . . . . . . 1 . . Recall Assault 1 | . . . . . . 1 . . Fabricator Hacks . | . . . . . . . . . Repair Station Hacks . | . . . . . . . . . Recycling Unit Hacks 1 | . . 1 . . . . . . Report Inventory 1 | . . 1 . . . . . . Scanalyzer . | . . . . . . . . . Garrison Access Hacks . | . . . . . . . . . Unauthorized Hacks . | . . . . . . . . . Terminals . | . . . . . . . . . Fabricators . | . . . . . . . . . Repair Stations . | . . . . . . . . . Recycling Units . | . . . . . . . . . Scanalyzers . | . . . . . . . . . Garrison Access . | . . . . . . . . . Data Cores Recovered 1 | . 1 . . . . . . . Used . | . . . . . . . . . Hacking Detections 4 | . . 1 . . . 3 . . Full Trace Events 2 | . . 1 . . . 1 . . Feedback Events 1 | . . . . . . 1 . . Corruption 1 | . . . . . . 1 . . Feedback Blocked . | . . . . . . . . . Robot Schematics Acquired . | . . . . . . . . . Robots Built . | . . . . . . . . . Authchips . | . . . . . . . . . Time . | . . . . . . . . . Total Robot Build Rating . | . . . . . . . . . Part Schematics Acquired . | . . . . . . . . . Parts Built . | . . . . . . . . . Authchips . | . . . . . . . . . Time . | . . . . . . . . . Total Part Build Rating . | . . . . . . . . . Parts Repaired . | . . . . . . . . . Time . | . . . . . . . . . Parts Recycled . | . . . . . . . . . Recycled Matter . | . . . . . . . . . Retrieved Matter . | . . . . . . . . . Retrieved Components . | . . . . . . . . . Parts Scanalyzed . | . . . . . . . . . Part Schematics Acquired . | . . . . . . . . . Parts Damaged . | . . . . . . . . . Bothacking | -11 -10 -9 -9 -8 -7 -6 -5 -5 ------------ Run | Scr Mat Mat Min Mat Fac Fac Fac Upp Used RIF Installer . | . . . . . . . . . Robots Hacked 1 | . . 1 . . . . . . Non-combat 1 | . . 1 . . . . . . Combat . | . . . . . . . . . Robot Hacks Applied 1 | . . 1 . . . . . . no_distress 1 | . . 1 . . . . . . Relay Couplers Released . | . . . . . . . . . Fabnet Peak Effective % . | . . . . . . . . . Robots Rewired . | . . . . . . . . . Allies Hacked . | . . . . . . . . . Hacks Repelled . | . . . . . . . . . Allies | -11 -10 -9 -9 -8 -7 -6 -5 -5 -------- Run | Scr Mat Mat Min Mat Fac Fac Fac Upp Total Allies 1 | . . . . . . . . 1 Largest Group 1 | . . . . . . . . 1 Highest-Rated Group 146 | . . . . . . . . 146 Highest-Rated Ally 146 | . . . . . . . . 146 Total Orders . | . . . . . . . . . Ally Attacks . | . . . . . . . . . Total Damage . | . . . . . . . . . Kills . | . . . . . . . . . Allies Corrupted . | . . . . . . . . . Allies Melted . | . . . . . . . . . Intel | -11 -10 -9 -9 -8 -7 -6 -5 -5 ------- Run | Scr Mat Mat Min Mat Fac Fac Fac Upp Robot Analysis Total . | . . . . . . . . . Derelict Logs Recovered 2 | . . . 2 . . . . . Drone Launches . | . . . . . . . . . Drone Recoveries . | . . . . . . . . . Exploration | -11 -10 -9 -9 -8 -7 -6 -5 -5 ------------- Run | Scr Mat Mat Min Mat Fac Fac Fac Upp Turns Passed 2188 | . 139 622 506 104 134 446 30 207 Spaces Moved 2396 | 1 106 343 263 158 382 855 58 230 Core 334 | . . . . . . 84 58 192 Treads 37 | . . . 9 . . . . 28 Legs 568 | 1 106 254 197 . . . . 10 Wheels 70 | . . . 57 13 . . . . Hover 89 | . . 89 . . . . . . Flight 1298 | . . . . 145 382 771 . . Fastest Speed 20 | 120 120 120 95 34 23 20 50 50 Average Speed 71 | 120 120 140 175 41 26 34 50 67 Slowest Speed 330 | 120 120 190 330 285 34 250 50 170 Overloaded Moves 545 | . . . . . . 545 . . Propulsion Burnouts 2 | . . . . . . 2 . . Robots Hopped 2 | . . . . . . 2 . . Cave-ins Triggered . | . . . . . . . . . Exploration Rate (%) 22 | 2 25 27 54 24 13 24 2 31 Regions Visited 8 Branch Regions 2 Pre-discovered Areas . | . . . . . . . . . Known Exits Taken . | . . . . . . . . . Unknown Exits Taken 8 | 1 1 1 1 1 1 1 1 . Scrap Searched 3 | . . . 2 . . . . 1 Spaces Dug . | . . . . . . . . . Terrain Destroyed . | . . . . . . . . . Melee . | . . . . . . . . . Projectile . | . . . . . . . . . AOE . | . . . . . . . . . Terrain Rammed . | . . . . . . . . . Walls Destroyed . | . . . . . . . . . Machines Disabled . | . . . . . . . . . Actions | -11 -10 -9 -9 -8 -7 -6 -5 -5 --------- Run | Scr Mat Mat Min Mat Fac Fac Fac Upp Total 2789 | . 115 436 287 194 413 1006 58 280 Wait 155 | . . 5 . . 6 103 . 41 Move 2385 | . 105 342 262 157 381 851 57 230 Hop 1 | . . . . . . 1 . . Pick Up 35 | . 4 16 5 3 4 2 1 . Fast Attach 23 | . 1 1 4 8 4 2 . 3 Attach 26 | . . 14 1 3 3 5 . . Detach 9 | . . 3 . 1 2 3 . . Swap 8 | . . 3 1 1 3 . . . Drop 44 | . 3 7 2 17 7 7 . 1 Fire 64 | . 2 44 12 1 2 3 . . Melee 5 | . . 1 . 3 1 . . . Ram 6 | . . . . . . 1 . 5 Kick . | . . . . . . . . . Crush . | . . . . . . . . . Escape Stasis 28 | . . . . . . 28 . . Rewire . | . . . . . . . . . Trap . | . . . . . . . . . Miscellaneous . | . . . . . . . . . Route ------- -11/Scrapyard -10/Materials -9/Materials -9/Mines -8/Materials -7/Factory (discovered 2 exits: *Fac / Sto) -6/Factory -5/Factory -5/Upper Caves History --------- Turn | Location | Event 1 | -11/Scrapyard | Discovered new exit (range 0) 1 | -11/Scrapyard | Entered Materials 130 | -10/Materials | Discovered new exit (range 9) 140 | -10/Materials | Entered another Materials area 140 | -9/Materials | Evolved 2 slots: Propulsion x2 330 | -9/Materials | Lost 7 parts (1p4n2w) 454 | -9/Materials | Core integrity fell below 50% 509 | -9/Materials | Discovered new exit (range 15) 563 | -9/Materials | Build established: Mutant 762 | -9/Materials | Entered Mines 780 | -9/Mines | Learned 2 Materials zone layouts 878 | -9/Mines | Discovered new exit (range 7) 1147 | -9/Mines | Core integrity fell below 20% 1268 | -9/Mines | Entered Materials 1268 | -8/Materials | Evolved 2 slots: Utility x1, Weapon x1 1368 | -8/Materials | Discovered new exit (range 12) 1372 | -8/Materials | Entered Factory 1372 | -7/Factory | Evolved 2 slots: Propulsion x1, Utility x1 1373 | -7/Factory | Identified exit to Storage 1494 | -7/Factory | Discovered new exit (range 9) 1506 | -7/Factory | Entered another Factory area 1506 | -6/Factory | Evolved 2 slots: Power x1, Utility x1 1840 | -6/Factory | Spotted B-75 Beast 1897 | -6/Factory | Core integrity fell below 50% 1925 | -6/Factory | Lost 3 parts (1p2n) 1932 | -6/Factory | Core integrity fell below 20% 1943 | -6/Factory | Discovered new exit (range 14) 1952 | -6/Factory | Entered another Factory area 1952 | -5/Factory | Evolved 2 slots: Propulsion x1, Utility x1 1980 | -5/Factory | Discovered new exit (range 4) 1982 | -5/Factory | Entered Upper Caves 2084 | -5/Upper Caves | Lost 3 parts (2n1u) 2134 | -5/Upper Caves | Core integrity fell below 50% 2174 | -5/Upper Caves | Core integrity fell below 20% 2189 | -5/Upper Caves | Destroyed by S-27 Virus with Autogun Last Messages --------------- 01987_ Found Imp. Shock Absorption System. 01987_ Found Authchip [Propulsion]. 01987_ Found 26 Matter. 01989_ Acquired 26 matter. 01990_ Acquired Carbon-fiber Leg. 01996_ Acquired Arm. Treads. 02006_ Acquired Adv. Sensor Array. 02033_ Hacking Suite destroyed. 02033_ Critical hit (Burn: +37). 02046_ Discarded Adv. Melee Analysis Suite. 02047_ Arm. Treads destroyed. 02053_ Carbon-fiber Leg destroyed. 02128_ Adv. Sensor Array destroyed. 02129_ Critical hit (Burn: +37). 02135_ Slammed into G-50 Soldier. 02135_ Critical hit (Burn: +37). 02136_ Slammed into G-50 Soldier. A strange signal echoes through the caves. 02172_ Slammed into S-27 Virus. [Achievement: Tester] Map ----- +----------------------------------------------------+ | ?????????????????????????????????????????????????? | | ?????????????????????????????????????????????????? | | ?????????????????????????????????????????????????? | | ?????????????????????????????????????????????????? | | ?????????????????????????????????????????????????? | | ?????????????????????????????????????????????????? | | ?????????????????????????????????????????????????? | | ?????????????????????????????????????????????????? | | ????????????????????????????????????????????????? | | ?????????????????????????????????????????????????? | | ?????????????????????????????????????????????????? | | ?????????????????????????????????????????????????? | | ?????????????????????????????????????????????????? | | ?????????????????????????????????????????????????? | | ?????????????????????????????????????????????????? | | ??????????????????????????????????? ???????????? | | ??????????????????????????????????? ???????????? | | ??????????????????????????????????? ???????????? | | ???????????????????###????????????? ???????????? | | ??????????????????## ##??????????? ????????###? | | ??????????????????# ####???????? ??????## #? | | ??????????????????# ##????? #????## #? | | ??????????????????# ##### ?????## ## | | ???????????????????# ## #?????# ## | | ????????????????????# ## #?????# | | ???????????????????## @ #????# #####?# | | ??????????????????## ###??# ## #?## ### | | ??????????????????# #??# ## #?# ## | | ??????????????????# ss s #### ## ### ## | | ??????????????????# #### ### | | ??????????????????## #### #?## | | ???????????????????### ## ## #### ##??? | | ?????????????????????## ### ##??#### #? | | ??????????????????????# #?## #??????#### # | | ??????????????????????# ##??###??????????##### | | ??????????????????????#######????????????????????? | | ?????????????????????????????????????????????????? | | ?????????????????????????????????????????????????? | | ?????????????????????????????????????????????????? | | ?????????????????????????????????????????????????? | | ?????????????????????????????????????????????????? | | ?????????????????????????????????????????????????? | | ?????????????????????????????????????????????????? | | ?????????????????????????????????????????????????? | | ?????????????????????????????????????????????????? | | ?????????????????????????????????????????????????? | | ?????????????????????????????????????????????????? | | ?????????????????????????????????????????????????? | | ?????????????????????????????????????????????????? | | ?????????????????????????????????????????????????? | +----------------------------------------------------+ Best States ------------- Heat Dissipation 40 Coolant Potential 65 Energy Generation 28 Energy Capacity 675 Matter Stores 300 Matter Capacity 300 Sight Range 20 Robot Scan Range 16 Terrain Scan Density 10 ECM Strength 2 Armor Coverage 150 Evasion (%) 66 Melee Accuracy 8 Recoil Reduction 2 Offensive Hacking 10 Defensive Hacking 10 Item Schematics ----------------- None Robot Schematics ------------------ None Fabricated ------------ Nothing Alien Tech Used ----------------- None Achievements -------------- Tester Challenges ------------ None Game ------ Seed SchematicPhasingShockpuncher Manual? 0 Play Time 00:39:15 Cumulative 94.7 hours Start 2022.07.28 @ 00:02:08 End 2022.07.28 @ 00:40:23 Sessions 1 Manual Loads 0 Difficulty Rogue Special Mode None Game No. 155 Rogue 109 Adventurer 45 Explorer 1 Win Type - Total 0 Types 0/0/0/0/0/0/0/0/0 Lore% 29 Gallery% 50 Achievement% 35 Wizard Run 0 Options --------- ASCII 0 Keyboard 0 Movement Mouse Keybinds 0 Fullscreen 2 Font 18/X11Bold Map View 76x50 Tactical HUD 1 Map Filters NONE Filters LOW_CONTRAST(13,24,33)|BRIGHTNESS(90)|SATURATION(87) Steam 1 RUN: 145a6590-8eda-4370-af76-bcd72c5db161